 Dungeon Crawl Stone Soup version 0.30.1-3-gfc49f6343a (webtiles) character file.

Game seed: 15706437370199215501

36 KyoPewz the Cudgeller (level 3, -1/36 HPs)
             Began as an Ogre Gladiator on July 30, 2023.
             Slain by a goblin
             ... wielding a +0 club
              (3 damage)
             ... on level 1 of the Dungeon.
             The game lasted 00:01:22 (940 turns).

KyoPewz the Cudgeller (Ogre Gladiator)               Turns: 940, Time: 00:01:22

Health: -1/36      AC:  3    Str: 20    XL:     3   Next: 37%
Magic:  3/3        EV: 10    Int:  9    God:
Gold:   18         SH:  0    Dex: 10    Spells: 2/2 levels left

rFire   . . .        a - +0 flail
rCold   . . .        (no shield)
rNeg    . . .        b - +0 robe
rPois   .            c - +0 hat
rElec   .            (no cloak)
rCorr   .            (gloves unavailable)
SInv    .            (boots unavailable)
Will    .....        (no amulet)
Stlth   +            (no ring)
HPRegen 0.26/turn    (no ring)
MPRegen 0.08/turn

%: no passive effects
@: lethally poisoned (-1 -> -4)
A: large, unfitting armour, tough skin 1
a: no special abilities


You were on level 1 of the Dungeon.
You visited 1 branch of the dungeon, and saw 2 of its levels.

You collected 18 gold pieces.

Inventory:

Hand Weapons
 a - a +0 flail (weapon)
Missiles
 d - 3 throwing nets (quivered)
 e - a large rock
 h - 14 stones
 i - 5 poisoned darts
Armour
 b - a +0 robe (worn)
 c - a +0 hat (worn)
Scrolls
 f - a scroll of amnesia {unknown}
 g - a scroll of vulnerability {unknown}
 j - a scroll of poison {unknown}
 k - a scroll of fear {unknown}
 l - a scroll of identify {unknown}
Potions
 m - a potion of lignification {unknown}


   Skills:
 - Level 2.6 Fighting
 * Level 3.6 Maces & Flails
 + Level 2.6 Throwing
 - Level 2.6 Dodging


You had 2 spell levels left.
You didn't know any spells.
Your spell library contained the following spells:

 Spells                   Type           Power      Damage    Failure   Level
 Apportation              Tloc           0%         N/A       38%         1
 Magic Dart               Conj           0%         1d3       38%         1
 Searing Ray              Conj           0%         2d4       52%         2
 Fulminant Prism          Conj/Hex       0%         3d5       99%         4
 Alistair's Intoxication  Tmut/Pois      0%         N/A       100%        5


Dungeon Overview and Level Annotations

Branches:
Dungeon (2/15)

Altars:
Cheibriados


Innate Abilities, Weirdness & Mutations

You are too large for most types of armour.
You have tough skin. (AC +1)


Message History

You are poisoned.
The adder poisons you!
You take 2 damage, and have 24/36 hp.
You hit the adder but do no damage.
You feel sick. The adder misses you.
You take 2 damage, and have 22/36 hp.
You barely miss the adder.
You feel sick. The adder bites you but does no damage. The adder bites you.
You take 2 damage, and have 20/36 hp.
You barely miss the adder.
You feel sick. The adder bites you.
You take 5 damage, and have 15/36 hp.
You barely miss the adder. Your punch misses the adder.
You feel sick. The adder bites you.
You are more poisoned.
The adder poisons you! The adder bites you but does no damage.
You take 2 damage, and have 13/36 hp.
You closely miss the adder.
You feel sick. The adder closely misses you.
You take 1 damage, and have 12/36 hp.
You sock the adder!
The adder is severely wounded.
You feel sick. The adder bites you.
* * * LOW HITPOINT WARNING * * *
You are more poisoned.
The adder poisons you! The adder bites you.
* * * LOW HITPOINT WARNING * * *
You take 4 damage, and have 8/36 hp.
You barely miss the adder.
The adder is severely wounded.
* * * LOW HITPOINT WARNING * * *
You feel very sick. The adder barely misses you. The adder closely misses you.
You take 3 damage, and have 5/36 hp.
You sock the adder!
You kill the adder!
* * * LOW HITPOINT WARNING * * *
You feel sick.
You take 2 damage, and have 3/36 hp.
You closely miss the goblin.
* * * LOW HITPOINT WARNING * * *
You feel sick. The goblin hits you with a +0 club.
You die...

.######.# #.#.### .# #.# #.#.# .#
#.# ######### #.#.###### .# #.#
#.......#####.#....... .#
#.####.......'...)...[...)# .#
#.#..........#####.######.# .#
#....................####># .#
#.....####.#######.........
.######.....# #@# #....####.#
......#.....# #g######..#.# #)#
#####.#..#######.........#.####.#
...............>.........#.......
###.###..............#..†######.#
#.# ##.####........+...........
#.# #.####.#......#.##...###.#
#.# #......................#.#
#.# ######.#........###..###.#


You could see a goblin.

Vanquished Creatures
  2 adders
  A dart slug (D:2)
  An endoplasm (D:1)
  2 giant cockroaches (D:1)
  3 goblins (D:1)
  2 jackals (D:1)
  2 kobolds (D:1)
  2 bats (D:1)
  A rat (D:1)
16 creatures vanquished.

Notes
Turn   | Place    | Note
-------+----------+-------------------------------------------
     0 | D:1      | KyoPewz the Ogre Gladiator began the quest for the Orb.
     0 | D:1      | Reached XP level 1. HP: 22/22 MP: 1/1
   144 | D:1      | Reached skill level 3 in Maces & Flails
   167 | D:1      | Reached XP level 2. HP: 21/29 MP: 2/2
   897 | D:2      | Found a snail-covered altar of Cheibriados.
   906 | D:2      | Reached XP level 3. HP: 32/36 MP: 3/3
   940 | D:1      | Slain by a goblin

Illustrated notes

Levels and vault maps discovered:
D:1:      dpeg_arrival_arbitrary_a, layout_basic, chequers_serial_rivers_micro_e
D:2:      layout_basic, serial_shops, nicolae_shop_rolling_square, basic_altar

Skill      XL: |  1 |
---------------+----+-----
Maces & Flails | 3 |  3.6
Fighting       | |  2.6
Throwing       | |  2.6
Dodging        | |  2.6

Action                     || total
---------------------------++-------
  Melee: Flail             ||    49
 Armour: Robe              ||    21
  Dodge: Dodged            ||    27
